AoeStats
← Cosmfulanito543

African Clearing

510918631Analyzed
2v2 RM · 10h ago on Oct 3, 2026· 80m 52s· 4 players
Game mode
Random Map
Map size
Medium (4 player)
Population
200
Speed
Normal
Resources
Standard
Victory
Conquest
Starting age
Dark Age
Ending age
Imperial Age
RankedLock teamsTeams togetherTeam positionsShared explorationLock speedFull tech treeHidden civsTurbo modeCheats
Victory
Defeat
🇦🇷 Huns · Argentina
999
+19
🇦🇷 Spanish · Argentina
929
+19
🇨🇴 Burgundians · Colombia
1027
-19
🇨🇴 Japanese · Colombia
963
-16
sergioguarin19
10:14 Loom
12:45 Feudal Age
11:09 Double-Bit Axe
14:43 Bow Saw
22:05 Castle Age
22:26 Scale Barding Armor
23:19 Forging
23:23 Cavalier
30:18 Padded Archer Armor
32:21 Crossbowman
33:42 Gold Mining
36:44 Fletching
40:19 Padded Archer Armor
42:06 Horse Collar
46:18 Wheelbarrow
49:50 Imperial Age
48:10 Iron Casting
48:06 Heavy Plow
50:09 Chain Barding Armor
50:57 Conscription
52:40 Plate Barding Armor
57:44 Blast Furnace
60:18 Crop Rotation
60:22 Husbandry
62:07 Burgundian Vineyards
73:15 Paladin
75:45 Two-Man Saw
cristianalarconcalderon
12:30 Feudal Age
12:58 Loom
18:00 Double-Bit Axe
20:24 Wheelbarrow
21:39 Fletching
28:37 Castle Age
29:08 Scale Barding Armor
29:17 Bloodlines
31:25 Forging
34:00 Gold Mining
37:08 Chain Barding Armor
48:41 Yasama
48:41 Town Watch
49:31 Padded Archer Armor
49:49 Hand Cart
51:06 Gold Shaft Mining
50:59 Elite Skirmisher
52:20 Leather Archer Armor
52:23 Town Patrol
52:35 Stone Mining
56:46 Thumb Ring
Cosmfulanito543
10:44 Loom
14:33 Feudal Age
15:27 Double-Bit Axe
23:09 Castle Age
23:22 Gold Mining
23:23 Stone Mining
23:21 Crossbowman
26:58 Bow Saw
26:49 Fletching
32:12 Horse Collar
32:40 Bodkin Arrow
34:37 Heavy Plow
37:37 Ballistics
37:22 Town Watch
42:07 Padded Archer Armor
54:43 Imperial Age
57:13 Chemistry
58:29 Leather Archer Armor
59:08 Parthian Tactics
61:34 Wheelbarrow
64:17 Capped Ram
65:05 Capped Ram
66:07 Bracer
66:11 Siege Ram
67:25 Hand Cart
67:19 Town Patrol
73:29 Caravan
75:04 Heavy Cavalry Archer
80:08 Gold Shaft Mining
Igv1992
9:18 Loom
12:59 Feudal Age
37:57 Castle Age
39:08 Pikeman
45:57 Elite Skirmisher
50:31 Ballistics
62:00 Imperial Age
65:53 Arson
65:32 Halberdier
69:13 Capped Ram
71:37 Scale Mail Armor
71:48 Forging
77:02 Siege Ram
Connection lost

Rejoining the realm…

Still unreachable

The connection could not be restored.

Session expired

The server has moved on; the page needs a fresh start.